 Seeded DCSS version 0.27.1 (webtiles) character file.

Game seed: 14036611466628663890 (custom seed)

6 oldmanjim the Skirmisher (level 1, -4/18 HPs)
             Began as a Merfolk Fighter on Aug 29, 2021.
             Slain by a gnoll (17 damage)
             ... on level 1 of the Dungeon.
             The game lasted 00:01:03 (179 turns).

oldmanjim the Skirmisher (Merfolk Fighter)           Turns: 179, Time: 00:01:03

Health: -4/18      AC:  6    Str: 16    XL:     1   Next: 90%
Magic:  1/1        EV:  7    Int:  7    God:
Gold:   0          SH:  9    Dex: 13    Spells: 0/0 levels left

rFire    . . .     SeeInvis .   a - +0 trident
rCold    . . .     Faith    .   c - +0 kite shield
rNeg     . . .     Spirit   .   b - +0 scale mail
rPois    .         Reflect  .   (no helmet)
rElec    .         Harm     .   (no cloak)
rCorr    .         Rampage  .   (no gloves)
Will     .....                  (no boots)
Stlth    ..........             (no amulet)
HPRegen  0.06/turn              (no ring)
MPRegen  0.07/turn              (no ring)

@: no status effects
A: (nimble swimmer 2), mertail
a: no special abilities


You were on level 1 of the Dungeon.
You visited 1 branch of the dungeon, and saw 1 of its levels.

Inventory:

Hand Weapons
 a - a +0 trident (weapon)
Armour
 b - a +0 scale mail (worn)
 c - a +0 kite shield (worn)
Potions
 d - a potion of might
 e - a potion of brilliance {unknown}


   Skills:
 + Level 3.4 Fighting
 + Level 3.3 Polearms
 - Level 2.1 Armour
 + Level 1.0 Dodging
 - Level 3.0 Shields


You couldn't memorise any spells.
You didn't know any spells.
Your spell library was empty.

Dungeon Overview and Level Annotations

Branches:
Dungeon (1/15)

Altars:


Innate Abilities, Weirdness & Mutations

((You are quick and stealthy near water. (Stealth+, EV+, Speed+++)))
Your lower body shifts to a powerful aquatic tail in water.


Message History

You closely miss the giant cockroach. You block the giant cockroach's attack.
The giant cockroach barely misses you.
You closely miss the giant cockroach.
The giant cockroach bites you but does no damage.
The giant cockroach bites you.
You hit the giant cockroach but do no damage.
The giant cockroach bites you but does no damage.
You puncture the giant cockroach!
You kill the giant cockroach!
No target in view!
No target in view!
You see here a giant cockroach corpse.
Found 21 stones.
A bat comes into view.
The bat is caught in a web!
The bat pulls away from the web.
A bat is nearby!
A goblin and a gnoll come into view.
The gnoll is wielding a +2 whip of electrocution.
The gnoll shouts!
The goblin shouts!
You block the bat's attack.
You see here 21 stones.
The bat hits you but does no damage. You block the bat's attack. x2
You block the bat's attack. The bat closely misses you.
You block the bat's attack.
You hit the bat but do no damage. You block the bat's attack.
You hit the bat.
The bat is severely wounded.
You block the bat's attack. The bat barely misses you.
You puncture the bat!
You kill the bat!
The goblin barely misses you.
You puncture the goblin!
You kill the goblin!
Your Dodging skill increases to level 1!
You closely miss the gnoll. You block the gnoll's attack.
The gnoll hits you with a +2 whip of electrocution.
You are electrocuted!
Ouch! That really hurt!
You die...

#g ##.. ##
#...# ..#.#
.P#.##^....#
.#.#(.....# .
#.#.##..###
..#.#.# .#
#.#.#g# #
#.#.#@# ..#
#.#.#.##^..#
#..#.#..^....
#..†#.##..###
###....#....#
......#...##..#
#####.##......#
#...#######
####.#########


You could see a gnoll.

Vanquished Creatures
  An endoplasm (D:1)
  A giant cockroach (D:1)
  A goblin (D:1)
  A quokka (D:1)
  A bat (D:1)
5 creatures vanquished.

Notes
Turn   | Place    | Note
-------+----------+-------------------------------------------
     0 | D:1      | oldmanjim the Merfolk Fighter began the quest for the Orb.
     0 | D:1      | Reached XP level 1. HP: 18/18 MP: 1/1
   179 | D:1      | Reached skill level 1 in Dodging
   179 | D:1      | Slain by a gnoll

Illustrated notes

Levels and vault maps discovered:
D:1:      elethiomel_arrival_infinity_welcomes_careful_drivers, layout_rooms,
          shapermc_ecumenical_altar_rom_forum, minmay_stone_trees_medium,
          minmay_misc_feat_five

Skill      XL: |  1 |
---------------+----+-----
Dodging        | 1 |  1.0
Fighting       | |  3.4
Polearms       | |  3.3
Armour         | |  2.1
Shields        | |  3.0

Action                   || total
-------------------------++-------
Melee: Trident           ||    15
Armor: Scale mail        ||     4
Dodge: Dodged            ||     6
Block: Kite shield       ||    10
